 Dungeon Crawl Stone Soup version 0.27.0-1-g7a089689b8 (webtiles) character file.

Game seed: 16075137552766779023

317816 ABBCCCDDDD the Eclecticist (level 20, 0/120 HPs)
             Began as a Deep Elf Brigand on Aug 8, 2021.
             Was an Initiate of Gozag.
             Succumbed to a tengu reaver's bolt of poison
             ... on level 2 of the Depths.
             The game lasted 04:56:55 (89151 turns).

ABBCCCDDDD the Eclecticist (Deep Elf Brigand)      Turns: 89151, Time: 04:56:55

Health: 0/120      AC: 22    Str: 13    XL:     20   Next: 56%
Magic:  6/61       EV: 16    Int: 28    God:    Gozag
Gold:   9147       SH: 13    Dex: 19    Spells: 7/53 levels left

rFire    + . .     SeeInvis .   I - +6 dagger of Demand {chaos, *Rage rF+ Will+}
rCold    . . .     Faith    .   o - +0 buckler
rNeg     . . .     Spirit   .   y - +7 ring mail "Voj Veda" {rCorr Int+3 Slay-2}
rPois    +         Reflect  +   D - +2 helmet
rElec    +         Harm     .   v - +2 cloak {rPois}
rCorr    +         Rampage  .   e - +0 pair of gloves {Dex+3}
Will     ++++.     Rnd*Rage +   h - +0 pair of boots
Stlth    +++.......             Q - amulet "Joqoi" {Reflect rElec SH+5}
HPRegen  0.30/turn              d - ring of magical power
MPRegen  0.37/turn              M - ring of Unutt {Will+ MP+9 Str+4}

@: lethally poisoned (0 -> -4), unable to drink, gold aura, very slightly
contaminated, studying Armour
A: no potions
}: 2/15 runes: decaying, serpentine
a: Renounce Religion, Potion Petition, Call Merchant, Bribe Branch


You were on level 2 of the Depths.
You worshipped Gozag.
Gozag was greatly pleased with you.
You visited 7 branches of the dungeon, and saw 34 of its levels.
You also visited: Ice Cave.

You collected 14386 gold pieces.
You spent 5170 gold pieces at shops.
You paid 69 gold pieces to Gozag.

Inventory:

Hand Weapons
 I - the +6 dagger of Demand (weapon) {chaos, *Rage rF+ Will+}
   (You found it on level 14 of the Dungeon)

   Each time it hits an enemy it has a different, random effect.
   rF:        It protects you from fire.
   *Rage:     It may make you go berserk in combat.
   Will:      It increases your willpower.
Missiles
 g - 4 throwing nets (quivered)
 x - 2 curare-tipped darts
Armour
 e - a +0 pair of gloves of dexterity (worn)
 h - a +0 pair of boots (worn)
 o - a +0 buckler (worn)
 v - a +2 cloak of poison resistance (worn)
 y - the +7 ring mail "Voj Veda" (worn) {rCorr Int+3 Slay-2}
   (You found it on level 6 of the Dungeon)

   Int:       It affects your intelligence (+3).
   Slay:      It affects your accuracy & damage with ranged weapons and melee
   (-2).
   rCorr:     It protects you from acid and corrosion.
 D - a +2 helmet (worn)
 F - a +2 kite shield of protection
 R - the +3 hat of Pondering {ponderous, Will+ MP+10 Int+5}
   (You took it off Gastronok on level 9 of the Dungeon)

   Int:       It affects your intelligence (+5).
   MP:        It affects your magic capacity (+10).
   Will:      It increases your willpower.
Jewellery
 d - a ring of magical power (left hand)
 w - a ring of protection from cold
 A - the ring "Urphem" {Drain rF+ rC+ Int+5 SInv}
   (You bought it in a shop on level 2 of the Snake Pit)

   [ring of protection from cold]

   Int:       It affects your intelligence (+5).
   rF:        It protects you from fire.
   rC:        It protects you from cold.
   SInv:      It lets you see invisible.
   Drain:     It drains your maximum health when unequipped.
 M - the ring of Unutt (right hand) {Will+ MP+9 Str+4}
   (You bought it in a shop on level 1 of the Snake Pit)

   [ring of magical power]

   Str:       It affects your strength (+4).
   MP:        It affects your magic capacity (+9).
   Will:      It increases your willpower.
 Q - the amulet "Joqoi" (around neck) {Reflect rElec SH+5}
   (You bought it in a shop on level 1 of the Snake Pit)

   [amulet of reflection]

   It reflects blocked missile attacks.
   rElec:     It insulates you from electricity.
   SH:        It affects your SH (+5).
 S - a ring of positive energy
 U - a ring of willpower
 V - a ring of protection from fire
Wands
 n - a wand of digging (9)
 N - a wand of acid (11)
 O - a wand of mindburst (60)
 Y - a wand of paralysis (14)
 Z - a wand of iceblast (33)
Scrolls
 a - 4 scrolls of enchant weapon
 b - 3 scrolls of summoning
 j - 7 scrolls of vulnerability
 p - 7 scrolls of fog
 s - 3 scrolls of magic mapping
 z - 5 scrolls of holy word
 B - 7 scrolls of identify
 J - 7 scrolls of teleportation
 L - 3 scrolls of fear
 T - 5 scrolls of silence
 W - 2 scrolls of blinking
Potions
 f - 11 potions of curing
 i - 2 potions of might
 k - 2 potions of haste
 m - 3 potions of magic
 q - 6 potions of brilliance
 r - 3 potions of resistance
 t - 7 potions of cancellation
 u - 2 potions of lignification
 C - 7 potions of flight
 E - 6 potions of berserk rage
 H - 3 potions of heal wounds
 K - 8 potions of ambrosia
 P - 5 potions of invisibility
Miscellaneous
 c - a phantom mirror
 l - a phial of floods
 G - a box of beasts
 X - a lightning rod (4/4)


   Skills:
 - Level 11.0 Fighting
 - Level 3.1 Short Blades
 - Level 2.0 Throwing
 + Level 7.0 Armour
 - Level 10.0 Dodging
 - Level 8.0 Stealth
 * Level 12.8 Shields
 - Level 17.0 Spellcasting
 - Level 13.1 Conjurations
 - Level 5.0 Hexes
 - Level 4.0 Translocations
 - Level 12.0 Fire Magic
 - Level 15.0 Ice Magic
 - Level 5.0 Air Magic
 - Level 13.0 Earth Magic
 - Level 8.0 Evocations


You had 7 spell levels left.
You knew the following spells:

 Your Spells              Type           Power      Damage    Failure   Level
b - Teleport Other        Tloc           46%        N/A       2%          3
c - Poisonous Vapours     Pois/Air       74%        N/A       1%          2
d - Freezing Cloud        Conj/Ice/Air   36%        6-21      1%          5
e - Ensorcelled Hibernat  Hex/Ice        100%       N/A       1%          2
f - Tukima's Dance        Hex            51%        N/A       1%          3
g - Mephitic Cloud        Conj/Pois/Air  55%        N/A       1%          3
h - Bolt of Magma         Conj/Fire/Erth 38%        4d16      1%          5
i - Ignite Poison         Fire/Tmut/Pois 46%        N/A       2%          3
j - Cause Fear            Hex            25%        N/A       4%          4
k - Ozocubu's Armour      Ice            82%        N/A       1%          3
l - Ozocubu's Refrigerat  Ice            41%        4d13      7%          7
m - Iron Shot             Conj/Erth      38%        9d8       2%          6

Your spell library contained the following spells:

 Spells                   Type           Power      Damage    Failure   Level
 Apportation              Tloc           92%        N/A       1%          1
 Corona                   Hex            56%        N/A       1%          1
 Foxfire                  Conj/Fire      100%       2x1d9     1%          1
 Corpse Rot               Necr/Air       N/A        N/A       1%          2
 Slow                     Hex            51%        N/A       1%          2
 Confusing Touch          Hex            51%        N/A       1%          3
 Conjure Flame            Conj/Fire      76%        6-21      1%          3
 Dazzling Flash           Conj/Hex       100%       N/A       1%          3
 Inner Flame              Hex/Fire       63%        N/A       1%          3
 Gell's Gravitas          Tloc           23%        N/A       2%          3
 Lesser Beckoning         Tloc           23%        N/A       2%          3
 Animate Armour           Summ/Erth      100%       N/A       2%          4
 Petrify                  Tmut/Erth      57%        N/A       2%          4
 Lightning Bolt           Conj/Air       32%        1d50      2%          5
 Animate Skeleton         Necr           46%        N/A       3%          1
 Beastly Appendage        Tmut           46%        N/A       3%          1
 Pain                     Necr           92%        1d8       3%          1
 Summon Small Mammal      Summ           92%        N/A       3%          1
 Summon Guardian Golem    Hex/Summ       37%        N/A       4%          3
 Airstrike                Air            25%        N/A       4%          4
 Wereblood                Tmut           23%        N/A       5%          2
 Spider Form              Tmut/Pois      11%        N/A       11%         3
 Vampiric Draining        Necr           11%        2d7       11%         3
 Summon Lightning Spire   Summ/Air       37%        N/A       13%         4
 Silence                  Hex/Air        25%        N/A       13%         5
 Agony                    Necr           23%        N/A       71%         5
 Blade Hands              Tmut           11%        N/A       71%         5
 Excruciating Wounds      Necr           11%        N/A       71%         5
 Dispersal                Tloc           23%        N/A       73%         6
 Discord                  Hex            25%        N/A       100%        8
 Disjunction              Tloc           23%        N/A       100%        8


Dungeon Overview and Level Annotations

Branches:
Dungeon (15/15)            Temple (0/1) D:6            Lair (6/6) D:11
  Swamp (4/4) Lair:4        Snake (4/4) Lair:3        Slime (0/5) Lair:5
    Orc (2/2) D:12            Elf (0/3) Orc:2        Vaults (1/5) D:14
 Depths (2/5) D:15          IceCv (visited)

Altars:
Dithmenos
Fedhas
Gozag
Nemelex Xobeh
Okawaru
Qazlal
Ru
Trog
Jiyva
Lugonu

Shops:
D:9 (   Orc:1 !   Orc:2 **!=((!   Snake:1 =   Snake:2 =!:

Portals:
Hell: Depths:1
Abyss: Lair:6
Pandemonium: Depths:2

Annotations:
D:5 1 exclusion
D:10 exclusion: downstairs
D:11 exclusion: downstairs
D:15 Roxanne
Lair:4 1 runed translucent door, wakim's ghost, journeyman TrFi
Lair:5 1 runed translucent door
Swamp:3 1 runed translucent door, Silenth's ghost, adept KoHu
Swamp:4 2 transporters, flestrin's ghost, adept DsBe
Depths:1 exclusion: downstairs


Message History

Okay, then.
Unknown command.
Press: ? - help, v - describe, . - travel, g - get item
Here: a spriggan air mage, wielding a staff of fire and wearing a +0 robe (almost dead, repelling missiles) Item here: 22 gold pieces.
The floor, spattered with blood.
Press: ? - help, v - describe, . - travel
Here: a tengu reaver, wielding a +7 long sword of electrocution, wearing a +0 ring mail and wearing a +2 buckler of protection (heavily wounded)
The floor.
Okay, then.
Unknown command.
You cannot drink potions in your current state!
Casting: Ozocubu's Refrigeration (dangerous; 7% risk of failure)
Confirm with . or Enter, or press ? or * to list all spells.
Okay, then.
Unknown command.
Blink to where?
Press: ? - help, Dir - move target, p - tengu reaver
As you read the scroll of blinking, it crumbles to dust.
* * * LOW HITPOINT WARNING * * *
You feel very sick.
Okay, then.
You cannot drink potions in your current state!
You cannot drink potions in your current state!
You cannot drink potions in your current state!
Okay, then.
Unknown command.
Okay, then.
Unknown command.
Okay, then.
Unknown command.
You cannot drink potions in your current state!
Okay, then.
* * * LOW HITPOINT WARNING * * *
You feel sick.
Okay, then.
* * * LOW HITPOINT WARNING * * *
You feel sick.
You die...
Your body crumbles into a pile of gold.

#.#.# #.#........#.# #....).
##.#>####.#........#.# #.#.###
..........#....#...#.# #.#.#
##.#.≈#####....#...#.######i#.'..
...#.≈§§...........#......#Q#.#..
..#≈.≈.≈###.....#.#######.#.#.###
...§.§§§§######.#.........#.#.#
#..≈§≈§§≈# #.###########.#.#
§..≈.§§≈§# #.@...........#..
≈..≈.≈.≈≈# ###############≈.
≈..≈.§§§≈#### ≈..≈.§§§§^..##
..(≈.§.≈§....# ##.≈§≈§......#
.....§≈≈#....# ##.#......####
....§§)...#


There were no monsters in sight!

Vanquished Creatures
  Saint Roka (Vaults:1)
  Nikola (Snake:1)
  Jorgrun (Orc:2)
  An Ice Fiend (IceCv)
  A titan (Depths:2)
  A sphinx (Depths:2)
  A thorn hunter (Swamp:4)
  Gastronok (D:9)
  11 nagarajas
  An iron dragon (Depths:2)
  2 frost giants
  2 vault wardens (Vaults:1)
  Louise (Snake:3)
  3 ironbound preservers (Vaults:1)
  A very ugly thing (Depths:2)
  6 stone giants
  5 bunyips
  3 spark wasps (Depths:1)
  A merfolk impaler (Depths:2)
  4 ettins
  A fire dragon (Depths:1)
  Josephine (D:11)
  4 eleionomae
  2 yaktaur captains (Vaults:1)
  6 boulder beetles
  A rakshasa (Depths:2)
  2 ice dragons
  3 vault guards (Vaults:1)
  A peacekeeper (Vaults:1)
  2 caustic shrike simulacra (IceCv)
  19 naga warriors
  Harold (D:7)
  10 anacondas
  11 centaur warriors
  25 hydras
  A death knight (D:12)
  An ironbound frostheart (Vaults:1)
  11 alligators
  3 two-headed ogres
  3 spriggan berserkers
  2 orc high priests
  6 death yaks (Lair:4)
  6 deep troll earth magi
  3 tengu warriors
  12 shock serpents
  3 deep troll shamans
  7 hell knights
  4 naga sharpshooters
  4 thrashing horrors (Lair:6)
  7 sea snakes
  2 salamander mystics
  6 iron trolls
  18 swamp dragons
  2 skeletal warriors (D:12)
  14 deep trolls
  2 goliath frogs
  6 bog bodies
  2 spriggan druids (Swamp:3)
  2 obsidian statues (IceCv)
  3 naga ritualists
  2 wizards (Vaults:1)
  A phantasmal warrior (D:11)
  2 orc knights
  A necromancer (Depths:1)
  3 deep elf pyromancers
  An ironbound convoker (Vaults:1)
  16 mana vipers
  A lindwurm (Lair:6)
  3 oklob plants (Lair:2)
  6 manticores
  16 salamanders
  25 ugly things
  6 orc sorcerers (Orc:2)
  6 cyclopes
  2 will-o-the-wisps
  Maurice (Orc:2)
  Joseph (D:7)
  8 centaur zombies
  24 black mambas
  10 guardian serpents
  3 vault sentinels (Vaults:1)
  21 naga magi
  14 cane toads
  5 elephants
  A torpor snail (Lair:6)
  An unseen horror (D:11)
  2 gargoyles (D:12)
  12 komodo dragons
  5 kobold demonologists
  12 rime drakes
  A yaktaur (shapeshifter) (Lair:6)
  2 efreet
  4 golden dragon simulacra (IceCv)
  7 yaktaurs (Vaults:1)
  4 tengu conjurers
  3 entropy weaver simulacra (D:14)
  2 freezing wraiths (IceCv)
  2 polar bears
  2 ancient zymes (Lair:6)
  An ice devil (IceCv)
  A bloated husk (Swamp:1)
  A hornet (Swamp:3)
  15 tyrant leeches
  14 trolls
  5 dream sheep (Lair:6)
  15 slime creatures
  14 blink frogs (Lair:6)
  A centaur simulacrum (D:14)
  Sigmund (D:2)
  3 spriggans
  8 wyverns
  8 wraiths
  A dire elephant simulacrum (D:14)
  3 water elementals (Depths:1)
  42 yaks
  3 ynoxinuls (Lair:6)
  Grum (D:7)
  2 shadows (D:11)
  2 spriggan simulacra
  12 vampire mosquitoes
  13 basilisks
  A chaos spawn (Lair:6)
  3 wargs
  A minotaur simulacrum (D:14)
  19 swamp worms
  A large abomination (Lair:6)
  42 nagas
  A harpy simulacrum (IceCv)
  3 acid dragons
  A hell hound (Lair:5)
  2 hydra simulacra (IceCv)
  9 water moccasins
  9 swamp drakes
  39 orc warriors
  4 ettin simulacra (IceCv)
  A necrophage (D:7)
  8 wolves
  6 ogres
  14 centaurs
  6 kobold brigands
  12 bullfrogs
  4 gnoll sergeants
  2 deep troll simulacra
  2 scorpions (D:5)
  2 water moccasin zombies (D:6)
  2 lindwurm simulacra
  20 killer bees
  6 electric eels
  A wight (D:6)
  A howler monkey (D:12)
  A hound (D:6)
  36 orc priests
  A centaur skeleton (D:7)
  3 jellies
  A bullfrog skeleton (D:6)
  Terence (D:2)
  4 iguanas
  44 orc wizards
  13 hell rats
  7 small abominations (Lair:6)
  A hound skeleton (D:4)
  A howler monkey zombie (D:5)
  18 gnolls
  A river rat (D:5)
  2 white imps
  An ufetubus (D:7)
  An adder skeleton (D:4)
  2 worms
  3 dart slugs
  108 orcs
  6 ball pythons
  5 bats
  2 endoplasms
  2 giant cockroaches (D:3)
  5 hobgoblins
  8 jackals
  3 quokkas
  14 goblins
  17 kobolds
  3 rats
  5 bushes
1212 creatures vanquished.

Vanquished Creatures (collateral kills)
  the Lernaean hydra (Swamp:4)
  7 wights
  An orc (D:10)
9 creatures vanquished.

Vanquished Creatures (others)
  A naga warrior (Snake:1)
  5 dancing weapons
  35 bushes (Depths:1)
  8 foxfires
  42 fungi
  100 plants
  4 withered plants
195 creatures vanquished.

Grand Total: 1416 creatures vanquished

Notes
Turn   | Place    | Note
-------+----------+-------------------------------------------
     0 | D:1      | ABBCCCDDDD the Deep Elf Brigand began the quest for the
                  | Orb.
     0 | D:1      | Reached XP level 1. HP: 12/12 MP: 3/3
   245 | D:1      | Reached skill level 5 in Stealth
   250 | D:1      | Reached XP level 2. HP: 17/17 MP: 4/4
   585 | D:1      | Found a faded altar of an unknown god.
  1367 | D:2      | Noticed Terence
  1938 | D:2      | Noticed Sigmund
  2105 | D:2      | Killed Terence
  2106 | D:2      | Reached skill level 1 in Shields
  2106 | D:2      | Reached XP level 3. HP: 21/21 MP: 5/5
  2725 | D:3      | Reached XP level 4. HP: 23/26 MP: 6/6
  3281 | D:4      | Learned a level 3 spell: Gell's Gravitas
  3485 | D:4      | Reached skill level 1 in Spellcasting
  3598 | D:4      | Reached XP level 5. HP: 30/30 MP: 8/8
  3675 | D:4      | Noticed an ogre
  3774 | D:4      | Killed an ogre
  3775 | D:4      | Reached skill level 2 in Spellcasting
  4509 | D:4      | Reached XP level 6. HP: 35/35 MP: 12/12
  4530 | D:4      | Reached skill level 3 in Spellcasting
  5386 | D:4      | Reached skill level 1 in Translocations
  5448 | D:5      | Entered Level 5 of the Dungeon
  5541 | D:5      | Noticed a water moccasin
  6049 | D:5      | Killed a water moccasin
  6114 | D:5      | Reached skill level 4 in Spellcasting
  6374 | D:5      | Reached XP level 7. HP: 31/40 MP: 15/15
  6741 | D:5      | Reached skill level 5 in Spellcasting
  7498 | D:6      | Learned a level 3 spell: Teleport Other
  8308 | D:5      | Learned a level 2 spell: Poisonous Vapours
  8314 | D:5      | Learned a level 5 spell: Freezing Cloud
  8496 | D:5      | Noticed a steam dragon
  8998 | D:6      | Reached skill level 6 in Spellcasting
  8998 | D:6      | Reached skill level 1 in Conjurations
  8998 | D:6      | Reached skill level 1 in Ice Magic
  8998 | D:6      | Reached skill level 1 in Air Magic
  8998 | D:6      | Reached XP level 8. HP: 17/46 MP: 4/19
  9513 | D:6      | Identified the +7 ring mail "Voj Veda" {rCorr Int+3 Slay-2}
 10750 | D:7      | Found a sparkling altar of Nemelex Xobeh.
 10864 | D:7      | Found a stormy altar of Qazlal.
 10993 | D:7      | Found an opulent altar of Gozag.
 11025 | D:7      | Noticed Joseph
 11063 | D:7      | Found an iron altar of Okawaru.
 11108 | D:7      | Became a worshipper of Gozag Ym Sagoz the Greedy
 11179 | D:7      | Killed Joseph
 11622 | D:7      | Noticed Harold
 11718 | D:7      | Reached XP level 9. HP: 43/52 MP: 14/20
 12145 | D:8      | Noticed Grum
 12186 | D:7      | Killed Grum
 13153 | D:8      | Found a bloodstained altar of Trog.
 13227 | D:8      | Reached skill level 5 in Conjurations
 13227 | D:8      | Reached skill level 5 in Ice Magic
 13340 | D:8      | Noticed a cyclops
 13545 | D:8      | Reached skill level 5 in Air Magic
 14204 | D:6      | Found a staircase to the Ecumenical Temple.
 14560 | D:2      | Killed Sigmund
 14561 | D:2      | Reached skill level 1 in Evocations
 16439 | D:9      | Noticed Gastronok
 16893 | D:9      | Noticed a troll
 17192 | D:6      | Killed a troll
 17193 | D:6      | Reached XP level 10. HP: 58/58 MP: 8/21
 17401 | D:9      | Learned a level 2 spell: Ensorcelled Hibernation
 17405 | D:9      | Learned a level 3 spell: Tukima's Dance
 18061 | D:9      | You fall into a shaft and drop 2 floors!
 18233 | D:10     | Entered Level 10 of the Dungeon
 18472 | D:9      | Found Jatiepo's Weapon Emporium.
 19180 | D:10     | Noticed a cyan ugly thing
 20018 | D:9      | Learned a level 3 spell: Mephitic Cloud
 20290 | D:9      | Killed Gastronok
 20291 | D:9      | Reached skill level 9 in Spellcasting
 20843 | D:10     | Reached XP level 11. HP: 62/62 MP: 26/26
 21024 | D:10     | Killed a red ugly thing
 21025 | D:10     | Reached skill level 10 in Spellcasting
 21750 | D:11     | Noticed a five-headed hydra
 21754 | D:11     | Killed a five-headed hydra
 21952 | D:11     | Reached skill level 5 in Fighting
 22170 | D:12     | Noticed a death knight
 22459 | D:11     | Noticed an eight-headed hydra
 22465 | D:11     | Killed an eight-headed hydra
 22466 | D:11     | Reached skill level 5 in Dodging
 22572 | D:11     | Noticed a two-headed ogre
 22579 | D:11     | Killed a two-headed ogre
 23007 | D:11     | Noticed an ice dragon
 23262 | D:11     | Noticed a death knight
 23581 | D:11     | Noticed a phantasmal warrior
 24169 | D:11     | Noticed a deep troll earth mage
 24282 | D:11     | Learned a level 5 spell: Bolt of Magma
 24338 | D:11     | Noticed Josephine
 24341 | D:11     | Noticed a centaur warrior
 24343 | D:11     | Killed Josephine
 24644 | D:11     | Noticed a deep elf pyromancer
 24774 | D:11     | Killed a deep troll earth mage
 24966 | D:11     | Noticed a boulder beetle
 25038 | D:11     | Reached XP level 12. HP: 66/70 MP: 24/28
 25426 | D:11     | Killed a centaur warrior
 25970 | D:11     | Reached skill level 5 in Fire Magic
 25970 | D:11     | Reached skill level 5 in Earth Magic
 26828 | D:11     | Killed an ice dragon
 27231 | D:11     | Killed a boulder beetle
 27622 | D:11     | Found a staircase to the Lair.
 28193 | Lair:1   | Entered Level 1 of the Lair of Beasts
 29907 | Lair:2   | Noticed a four-headed hydra
 29917 | Lair:2   | Killed a four-headed hydra
 30133 | Lair:2   | Reached skill level 5 in Evocations
 30417 | Lair:2   | Reached XP level 13. HP: 69/74 MP: 24/29
 30515 | Lair:2   | Identified the amulet "Lecycafyuts" {Reflect Slay+3 SH+5}
 32606 | Lair:3   | Found a staircase to the Snake Pit.
 33862 | Lair:4   | Reached skill level 11 in Spellcasting
 34175 | Lair:4   | Identified the amulet "Toekhing" {Faith -Tele Fly Regen+}
 34367 | Lair:4   | Found a runed translucent door.
 34368 | Lair:4   | Noticed wakim's ghost (journeyman TrFi)
 35532 | Lair:4   | Found a staircase to the Swamp.
 36647 | Lair:5   | Found a runed translucent door.
 36647 | Lair:5   | Found a viscous altar of Jiyva.
 36653 | Lair:5   | Found a staircase to the Slime Pits.
 36688 | Lair:5   | Reached skill level 12 in Spellcasting
 37099 | Lair:5   | Reached XP level 14. HP: 80/80 MP: 5/32
 37614 | Lair:5   | Reached skill level 10 in Fire Magic
 37649 | Lair:5   | Reached skill level 10 in Earth Magic
 38601 | Lair:6   | Entered Level 6 of the Lair of Beasts
 40586 | Lair:6   | Reached skill level 13 in Spellcasting
 43179 | Lair:6   | Found a corrupted altar of Lugonu.
 43179 | Lair:6   | Found a one-way gate to the infinite horrors of the Abyss.
 43839 | Lair:6   | Learned a level 3 spell: Ignite Poison
 44121 | D:7      | Killed Harold
 44793 | D:12     | Found a blossoming altar of Fedhas.
 44808 | D:12     | Learned a level 4 spell: Cause Fear
 44910 | D:12     | Reached XP level 15. HP: 84/84 MP: 3/34
 45396 | D:12     | Found a staircase to the Orcish Mines.
 45534 | D:12     | Identified the +0 robe of the Trombone {rPois Regen+ Str-3
                  | Dex+5}
 45558 | D:12     | Reached skill level 14 in Spellcasting
 45558 | D:12     | Reached skill level 10 in Ice Magic
 46591 | Orc:1    | Entered Level 1 of the Orcish Mines
 47602 | Orc:1    | Found Jearatex's Distillery.
 47824 | Orc:1    | Bought a potion of mutation for 104 gold pieces
 47824 | Orc:1    | Bought a potion of degeneration for 13 gold pieces
 47824 | Orc:1    | Bought a potion of magic for 104 gold pieces
 47824 | Orc:1    | Bought a potion of brilliance for 52 gold pieces
 47824 | Orc:1    | Bought a potion of attraction for 39 gold pieces
 47824 | Orc:1    | Bought a potion of resistance for 130 gold pieces
 47824 | Orc:1    | Bought a potion of curing for 39 gold pieces
 48171 | Orc:2    | Entered Level 2 of the Orcish Mines
 48383 | Orc:2    | Paralysed by an orc sorcerer for 5 turns
 49312 | Orc:2    | Paralysed by an orc sorcerer for 2 turns
 49393 | Orc:2    | Noticed Maurice
 49526 | Orc:2    | Killed Maurice
 50074 | Orc:2    | Found Deomniz's Weapon Shoppe.
 50074 | Orc:2    | Found Daeph's Jewellery Emporium.
 50075 | Orc:2    | Found Tafy's Weapon Emporium.
 50084 | Orc:2    | Found Dompit's Distillery.
 50118 | Orc:2    | Bought a potion of invisibility for 104 gold pieces
 50118 | Orc:2    | Bought a potion of berserk rage for 65 gold pieces
 50118 | Orc:2    | Bought a potion of flight for 39 gold pieces
 50118 | Orc:2    | Bought a potion of heal wounds for 65 gold pieces
 50611 | Orc:2    | Found Vannefed's Distillery.
 50686 | Orc:2    | Found Azeew's CLEARANCE SALE! EVERYTHING MUST GO!.
 50691 | Orc:2    | Bought a potion of heal wounds for 75 gold pieces
 50691 | Orc:2    | Bought a potion of lignification for 45 gold pieces
 50699 | Orc:2    | Bought a wand of mindburst (12) for 80 gold pieces
 50699 | Orc:2    | Bought a ring of protection from fire for 125 gold pieces
 50810 | Orc:2    | Found a staircase to the Elven Halls.
 51116 | Orc:2    | Noticed Jorgrun
 51123 | Orc:2    | Killed Jorgrun
 51254 | Orc:2    | Found Wuapsuo's Assorted Antiques.
 51263 | Orc:2    | Bought a twisted fluorescent wand for 88 gold pieces
 51263 | Orc:2    | Bought a scroll of identify for 44 gold pieces
 51263 | Orc:2    | Bought a scroll of fog for 44 gold pieces
 51263 | Orc:2    | Bought an agate ring for 110 gold pieces
 51543 | Swamp:1  | Entered Level 1 of the Swamp
 53640 | Swamp:2  | Reached skill level 10 in Dodging
 54734 | Swamp:2  | You fall into a shaft and drop 1 floor!
 55014 | Swamp:3  | Found a runed translucent door.
 55014 | Swamp:3  | Noticed Silenth's ghost (adept KoHu)
 55306 | Swamp:2  | Reached skill level 15 in Spellcasting
 55837 | Swamp:3  | Reached XP level 16. HP: 86/92 MP: 22/37
 56529 | Swamp:4  | Entered Level 4 of the Swamp
 56785 | Swamp:4  | Reached skill level 10 in Conjurations
 56907 | Swamp:4  | Noticed a thorn hunter
 56917 | Swamp:4  | Killed a thorn hunter
 57543 | Swamp:4  | Found a transporter.
 57561 | Swamp:4  | Found a transporter.
 57562 | Swamp:4  | Found a bloodstained altar of Trog.
 57563 | Swamp:4  | Noticed flestrin's ghost (adept DsBe)
 59006 | Swamp:4  | Noticed the 27-headed Lernaean hydra
 59331 | Swamp:4  | Killed the 27-headed Lernaean hydra
 60274 | Swamp:4  | Found the +10 dark maul {vorpal}
 60317 | Swamp:4  | Got a decaying rune of Zot
 60599 | Swamp:2  | Learned a level 3 spell: Ozocubu's Armour
 60607 | Swamp:2  | Learned a level 7 spell: Ozocubu's Refrigeration
 63338 | D:14     | Reached skill level 5 in Hexes
 63431 | D:14     | Found a frozen archway.
 63629 | IceCv    | Entered an ice cave
 64226 | IceCv    | Reached skill level 16 in Spellcasting
 65306 | IceCv    | Noticed an Ice Fiend
 65320 | IceCv    | Killed an Ice Fiend
 65650 | D:14     | Found a gate to the Vaults.
 65653 | D:14     | Reached XP level 17. HP: 99/99 MP: 28/39
 66232 | D:14     | Identified the +6 dagger of Demand {chaos, *Rage rF+ Will+}
 66587 | D:14     | Reached XP level 18. HP: 106/106 MP: 40/40
 66739 | D:15     | Entered Level 15 of the Dungeon
 66946 | D:15     | Found a sacrificial altar of Ru.
 67423 | D:15     | Found a staircase to the Depths.
 67794 | D:15     | Reached skill level 10 in Fighting
 67959 | D:15     | Noticed Roxanne
 68139 | D:15     | Found a stormy altar of Qazlal.
 68306 | Depths:1 | Entered Level 1 of the Depths
 68492 | Depths:1 | Found a shadowy altar of Dithmenos.
 69006 | Snake:1  | Entered Level 1 of the Snake Pit
 69235 | Snake:1  | Found Tefie's Jewellery Boutique.
 69300 | Snake:1  | Bought the ring of Unutt {Will+ MP+9 Str+4} for 492 gold
                  | pieces
 69300 | Snake:1  | Bought the amulet "Joqoi" {Reflect rElec SH+5} for 528 gold
                  | pieces
 71289 | Snake:1  | Noticed Nikola
 71317 | Snake:1  | Killed Nikola
 71318 | Snake:1  | Reached skill level 15 in Ice Magic
 72175 | Snake:2  | Found Imaponask's Jewellery Boutique.
 72177 | Snake:2  | Found Ranunaqia's Distillery.
 72180 | Snake:2  | Found Nompua's Book Boutique.
 72183 | Snake:2  | Bought the ring "Urphem" {Drain rF+ rC+ Int+5 SInv} for 769
                  | gold pieces
 72189 | Snake:2  | Bought a manual of Armour for 1440 gold pieces
 72189 | Snake:2  | Bought the Collected Works on Creative Earth for 576 gold
                  | pieces
 72196 | Snake:2  | Learned a level 6 spell: Iron Shot
 74116 | Snake:3  | Noticed Louise
 74133 | Snake:3  | Killed Louise
 76696 | Snake:3  | Reached XP level 19. HP: 113/113 MP: 41/41
 77108 | Snake:4  | Entered Level 4 of the Snake Pit
 77906 | Snake:4  | Reached skill level 17 in Spellcasting
 78307 | Snake:4  | Reached skill level 5 in Shields
 80776 | Snake:4  | Got a serpentine rune of Zot
 81278 | Vaults:1 | Entered Level 1 of the Vaults
 81736 | Vaults:1 | Noticed Saint Roka
 81743 | Vaults:1 | Killed Saint Roka
 82601 | Vaults:1 | Reached skill level 10 in Shields
 83493 | Vaults:1 | Reached XP level 20. HP: 120/120 MP: 30/43
 85785 | Depths:1 | Found a gateway to Hell.
 86393 | Depths:2 | Reached skill level 5 in Armour
 88104 | Depths:2 | Found a one-way gate leading to the halls of Pandemonium.
 89148 | Depths:2 | HP: 4/120 [poisoned by a tengu reaver (bolt of poison)]
 89151 | Depths:2 | Succumbed to a tengu reaver's bolt of poison

Illustrated notes

Levels and vault maps discovered:
D:1:      tarquinn_simple_flora_water_e, layout_loops_corners,
          ebering_ecumenical_altar_petrified, minivault_25, grunt_decor_junction
D:2:      layout_loops_ring, minmay_bisected, uniq_sigmund, uniq_terence
D:3:      layout_basic, hangedman_decor_growths
D:4:      layout_loops_corners, roderic_nine_men_s_morris,
          minmay_fractal_squares_gapless_5
D:5:      kennysheep_steamy, layout_loops_cross, nicolae_overflow_hidden_temple,
          serial_co_window_serial, co_window_of_opportunity_a,
          co_window_of_opportunity_a, co_window_paths_b,
          co_window_of_opportunity_a, co_window_corner_a, co_window_corner_a,
          co_window_paths_a, co_window_of_opportunity_b, co_window_2corner,
          co_window_2corner, co_window_of_opportunity_c, co_window_2corner,
          co_window_corner_b, gup_sewer_entry_bowl
D:6:      layout_basic, minmay_temple_entry_proselytizer,
          kennysheep_pointless_box
D:7:      layout_loops_ring, nicolae_overflow_quartered_altars, uniq_joseph,
          uniq_harold
D:8:      layout_loops_corners, bloody_trog, minmay_strange_pillars, uniq_grum
D:9:      layout_cave_pools, enter_bailey_5, serial_shops, nicolae_square_shop,
          uniq_gastronok
D:10:     layout_roguey, minmay_misc_feat_alley, centaur_isle
D:11:     nzn_winding_woodlands_large [nzn_winding_woodlands_5x5_cross,
          nzn_winding_woodlands_5x15_longhouse,
          nzn_winding_woodlands_5x5_perimeter,
          nzn_winding_woodlands_center_triple_pond,
          nzn_winding_woodlands_15x15_eel_pit,
          nzn_winding_woodlands_center_garden,
          nzn_winding_woodlands_5x5_open_star,
          nzn_winding_woodlands_5x15_sidewinder,
          nzn_winding_woodlands_5x5_default], layout_loops_corners,
          uniq_josephine
D:12:     layout_basic, erik_orc_4, serial_bayou, serial_bayou_pond_c,
          serial_bayou_pond_e, serial_bayou_pond_e, serial_bayou_pond_e,
          fedhas_bush_and_centaur_altar
D:13:     layout_long_grid, special_room [special_room_orc],
          chequers_serial_rivers_large_a
D:14:     layout_roguey, erik_vaults_1, portal_ice_cave_entry_ice_simulacra
D:15:     grunt_enter_depths_snipers, layout_irregular_city,
          nicolae_qazlal_style_of_elements, serial_park_tiny_2,
          nicolae_ru_the_path_less_chosen, uniq_roxanne
Lair:1:   layout_cave_pods, beast_lair_carwin_1, infiniplex_staircase_pool_2
Lair:2:   layout_chaotic_city, beast_lair_carwin_5, minmay_lair_oklob_chamber,
          lemuel_fruit_tree
Lair:3:   layout_gridlike, guppyfry_snake_entry_island, lemuel_fruit_fields
Lair:4:   layout_big_grid, nicolae_swamp_entry_splash_gauntlet,
          gammafunk_ghost_grave, serial_rivers, chequers_serial_rivers_marsh,
          chequers_serial_rivers_small_b, chequers_serial_rivers_large_b,
          chequers_serial_rivers_small_3, chequers_serial_rivers_room_a
Lair:5:   layout_cave_pods, slime_altar_2, special_room
          [special_room_mythical_zoo]
Lair:6:   hellmonk_lair_end_abyssal_woods, layout_cave_pods,
          serial_bayou_pond_d, grunt_megastairs_5
Swamp:1:  layout_basic_swamp, serial_swamp_ruin, evilmike_swamp_ruin_house_1,
          evilmike_swamp_ruin_house_2, infiniplex_staircase_pool
Swamp:2:  layout_falls_marsh, nicolae_swamp_feature_on_the_river_bank,
          swamp_pool5, st_swamp_mini
Swamp:3:  layout_basic_swamp, gammafunk_ghost_grave, hangedman_swamp_ruin_hall,
          swamp_pool3, nicolae_swamp_tree_designs
Swamp:4:  swamp_old_school, layout_basic_swamp,
          gammafunk_ghost_wrathful_warriors, swamp_pool3
Snake:1:  cheibrodos_forgotten_conduit, layout_grid_maze, serial_shops,
          shop_statue, uniq_nikola
Snake:2:  layout_layer_cave, minmay_shop_star, serial_bayou_shore_a
Snake:3:  layout_chambers, uniq_louise
Snake:4:  grunt_snake_rune_pools, layout_onion_interference
Orc:1:    layout_diamond_mine, serial_shops, shop
Orc:2:    st_orc_mages, layout_caves, serial_shops,
          nicolae_shop_overgrown_old_shop, shop, nicolae_shop_clearance,
          uniq_maurice, uniq_jorgrun
Vaults:1: v_alt_pattern_6, vaults_mumra_bighexcomb,
          nicolae_vaults_bisected_exclaves, vaults_room_pools,
          nicolae_vaults_circle_grid_a, hangedman_vaults_cutoff, v_misc_1,
          vaults_dpeg_ring, v_misc_23, ontoclasm_vaults_gateway,
          nicolae_vaults_ring_of_whatevers, layout_vaults_ring, serial_shops,
          statue_bzr, uniq_saint_roka
Depths:1: layout_cave_pools, grunt_dithmenos_smoke, hell_entry,
          nicolae_water_bricks, minmay_hedge_maze, kennysheep_generic_room_7
Depths:2: evilmike_lava_path, layout_basic, pan_entry, grunt_hell_entry_dis_mu,
          minmay_staircase_bubble

Skill      XL: |  1  2  3  4  5  6  7  8  9 10 11 12 13 14 15 16 17 18 19 20 |
---------------+-------------------------------------------------------------+-----
Stealth        | 5 6 8 |  8.0
Fighting       | 2 3 4 6 7 8 9 10 11 | 11.0
Dodging        | 2 8 9 10 | 10.0
Shields        | 1 2 3 4 11 12 | 12.8
Short Blades   | 3 |  3.1
Spellcasting   | 1 2 4 6 9 10 12 13 15 16 17 | 17.0
Translocations | 2 4 |  4.0
Conjurations   | 1 3 6 8 9 12 13 | 13.1
Ice Magic      | 1 3 6 8 9 11 12 13 15 | 15.0
Air Magic      | 1 3 5 |  5.0
Evocations     | 3 5 7 8 |  8.0
Hexes          | 3 5 |  5.0
Fire Magic     | 3 7 9 11 12 | 12.0
Earth Magic    | 3 7 9 11 12 13 | 13.0
Armour         | 2 7 |  7.0
Throwing       | |  2.0

Action                   |  1- 3 |  4- 6 |  7- 9 | 10-12 | 13-15 | 16-18 | 19-21 || total
-------------------------+-------+-------+-------+-------+-------+-------+-------++-------
Melee: Dagger            |    75 |   209 |   397 |   571 |       |       |     2 ||  1254
       Staff             |       |       |    70 |     9 |   124 |    51 |       ||   254
       Rapier            |       |       |       |    40 |       |       |       ||    40
       Spear             |       |       |       |    30 |       |       |       ||    30
       Long sword        |       |       |       |    42 |       |       |       ||    42
Throw: Dart              |    21 |    43 |    68 |    29 |     2 |     3 |       ||   166
 Cast: Poisonous Vapours |       |       |   230 |   187 |   381 |    34 |    36 ||   868
       Gell's Gravitas   |       |       |    14 |       |       |       |       ||    14
       Teleport Other    |       |       |    12 |    18 |     2 |     1 |       ||    33
       Freezing Cloud    |       |       |     1 |    68 |   182 |   162 |    37 ||   450
       Tukima's Dance    |       |       |       |     8 |     7 |     5 |    19 ||    39
       Ensorcelled Hiber |       |       |       |     9 |     6 |       |       ||    15
       Bolt of Magma     |       |       |       |    59 |   351 |   290 |    74 ||   774
       Mephitic Cloud    |       |       |       |       |     2 |     2 |       ||     4
       Ozocubu's Armour  |       |       |       |       |       |    16 |    29 ||    45
       Ozocubu's Refrige |       |       |       |       |       |    44 |   247 ||   291
       Iron Shot         |       |       |       |       |       |       |    32 ||    32
Evoke: Wand              |       |       |     2 |    10 |     2 |    10 |       ||    24
       Phantom mirror    |       |       |       |       |     1 |     4 |       ||     5
       Box of beasts     |       |       |       |       |       |     2 |       ||     2
       Phial of floods   |       |       |       |       |       |     1 |       ||     1
  Use: Scroll            |       |     5 |     6 |     1 |     9 |     9 |     2 ||    32
       Potion            |       |       |       |       |       |     8 |       ||     8
 Stab: Sleeping          |    12 |    11 |     2 |     6 |     1 |       |       ||    32
       Distracted        |       |       |       |       |     1 |       |       ||     1
Armor: Robe              |     4 |       |       |       |       |       |       ||     4
       Leather armour    |    20 |    55 |    25 |       |       |       |       ||   100
       Ring mail         |       |       |   167 |   729 |   125 |    77 |    42 ||  1140
Dodge: Dodged            |    33 |    61 |   201 |   463 |   144 |    98 |    49 ||  1049
Block: Buckler           |     9 |    86 |   285 |   608 |   183 |    77 |    53 ||  1301
       Reflection        |       |       |    16 |    14 |     9 |     7 |    22 ||    68
       Rpst.: Long sword |       |       |       |     6 |       |       |       ||     6
